 Seeded DCSS version 0.30.1-4-g462c640d31 (webtiles) character file.

Game seed: 6351066067085065685 (custom seed)

4 Esekla the Grave Robber (level 1, -3/10 HPs)
             Began as a Deep Elf Necromancer on Sept 3, 2023.
             Slain by a goblin
             ... wielding a +0 club
              (4 damage)
             ... on level 1 of the Dungeon.
             The game lasted 00:01:31 (169 turns).

Esekla the Grave Robber (Deep Elf Necromancer)       Turns: 169, Time: 00:01:32

Health: -3/10      AC:  2    Str:  5    XL:     1   Next: 58%
Magic:  6/6        EV: 12    Int: 19    God:
Gold:   0          SH:  0    Dex: 15    Spells: 5/6 levels left

rFire   . . .        c - +0 short sword
rCold   . . .        (no shield)
rNeg    . . .        a - +0 robe
rPois   .            (no helmet)
rElec   .            (no cloak)
rCorr   .            (no gloves)
SInv    .            (no boots)
Will    .....        (no amulet)
Stlth   ++           (no ring)
HPRegen 0.21/turn    (no ring)
MPRegen 0.10/turn

%: no passive effects
@: no status effects
A: no striking features
a: no special abilities


You were on level 1 of the Dungeon.
You visited 1 branch of the dungeon, and saw 1 of its levels.

Inventory:

Hand Weapons
 c - a +0 short sword (weapon)
Armour
 a - a +0 robe (worn)
 g - an orb of guile
Scrolls
 f - a scroll of identify {unknown}
Potions
 b - a potion of magic
 d - a potion of ambrosia {unknown}
 e - a potion of attraction {unknown}
 h - a potion of heal wounds {unknown}


   Skills:
 * Level 2.4 Dodging
 + Level 2.5 Stealth
 * Level 3.0 Spellcasting
 + Level 5.0 Necromancy


You had 5 spell levels left.
You knew the following spells:

 Your Spells              Type           Power      Damage    Failure   Level
a - Necrotise             Necr           88%        1d8       1%          1

Your spell library contained the following spells:

 Spells                   Type           Power      Damage    Failure   Level
 Vampiric Draining        Necr           22%        2d7       5%          3
 Animate Dead             Necr           22%        N/A       19%         4
 Agony                    Necr           22%        N/A       45%         5


Dungeon Overview and Level Annotations

Branches:
Dungeon (1/15)

Altars:


Message History

The ball python closely misses you.
The ball python attacks as you move away!
The ball python barely misses you. The ball python closely misses you.
The ball python attacks as you move away!
The ball python bites you but does no damage.
The ball python barely misses you.
You barely miss the ball python.
Your attack snaps the ball python out of its fear.
The ball python barely misses you. The ball python grabs you.
The ball python constricts you. The ball python barely misses you.
The ball python constricts you.
You hit the ball python.
The ball python is heavily wounded.
The ball python misses you. The ball python constricts you.
You escape the ball python's grasp.
The goblin seems to regain its courage.
There is a stone staircase leading down here.
The ball python barely misses you. The ball python grabs you.
You stop descending the stairs.
The ball python constricts you.
You escape the ball python's grasp.
The ball python misses you. The ball python grabs you.
You stop descending the stairs.
The ball python constricts you.
You hit the ball python.
You kill the ball python!
The goblin hits you with a +0 club.
Your Necromancy skill increases to level 5!
The goblin hits you with a +0 club.
* * * LOW HITPOINT WARNING * * *
You see here a ball python corpse.
You hit the goblin.
The goblin is heavily wounded.
The goblin hits you with a +0 club.
* * * LOW HITPOINT WARNING * * *
You barely miss the goblin.
The goblin is heavily wounded.
The goblin barely misses you.
You closely miss the goblin.
The goblin is heavily wounded.
The goblin hits you with a +0 club.
You die...

###......### #....#
....l##b.########..#
.....#............##
.......#.##########
.###......##
...#g#.....#########
.....#.......#.....#
##...#....##.......#
##.......####..@>.#
##............g..#
#.#.....###.....#
#.#....## #######
#......# #.#....#
########


You could see a goblin.

Vanquished Creatures
  2 ball pythons (D:1)
  A bat (D:1)
  A kobold (D:1)
4 creatures vanquished.

Notes
Turn   | Place    | Note
-------+----------+-------------------------------------------
     0 | D:1      | Esekla the Deep Elf Necromancer began the quest for the
                  | Orb.
     0 | D:1      | Reached XP level 1. HP: 10/10 MP: 6/6
   166 | D:1      | Reached skill level 5 in Necromancy
   169 | D:1      | Slain by a goblin

Illustrated notes

Levels and vault maps discovered:
D:1:      sevenhm_arrival_forest_fort_small_3, layout_rooms,
          chequers_serial_rivers_room_b, minmay_misc_feat_five

Skill      XL: |  1 |
---------------+----+-----
Necromancy     | 5 |  5.0
Dodging        | |  2.4
Stealth        | |  2.5
Spellcasting   | |  3.0

Action                     || total
---------------------------++-------
  Melee: Short sword       ||    10
         Unarmed           ||     9
    Use: Scroll            ||     1
 Armour: Robe              ||     5
  Dodge: Dodged            ||    26
